 Dungeon Crawl Stone Soup version 0.30-b1-2-g02819fbbbe (webtiles) character file.

Game seed: 179147988359194018

9923 snakesoul the Fighter (level 11, -3/71 HPs)
             Began as a Gargoyle Fighter on May 27, 2023.
             Was an Elder of Okawaru.
             Slain by a cane toad simulacrum (18 damage)
             ... in an ice cave.
             The game lasted 00:18:54 (9967 turns).

snakesoul the Fighter (Gargoyle Fighter)            Turns: 9967, Time: 00:18:55

Health: -3/71      AC: 32    Str: 24    XL:     11   Next: 54%
Magic:  14/16      EV: 20    Int: 11    God:    Okawaru [****..]
Gold:   239        SH:  7    Dex:  9    Spells: 10/10 levels left

rFire   + . .        L - +0 morningstar
rCold   . . .        c - +0 buckler
rNeg    + + .        J - +8 chain mail of the Camelopard {rF+ rN+ Str+5 Int-3}
rPois   ∞            y - +0 helmet
rElec   +            n - +0 cloak
rCorr   .            (no gloves)
SInv    .            (no boots)
Will    .....        (no amulet) Stlth
                     e - +5 ring of evasion
HPRegen 0.31/turn    k - +5 ring of evasion
MPRegen 0.15/turn

%: no passive effects
@: heroic
A: sickness immunity, AC +8, negative energy resistance 1, electricity
resistance, torment resistance 1, petrification resistance
a: Renounce Religion, Heroism, Finesse


You were in an ice cave.
You worshipped Okawaru.
Okawaru was greatly pleased with you.
You visited 3 branches of the dungeon, and saw 11 of its levels.
You also visited: Ice Cave.

You collected 533 gold pieces.
You spent 294 gold pieces at shops.

Inventory:

Hand Weapons
 E - a +2 whip of freezing
 L - a +0 morningstar (weapon)
Missiles
 a - 3 datura-tipped darts (quivered)
Armour
 c - a +0 buckler (worn)
 n - a +0 cloak (worn)
 y - a +0 helmet (worn)
 J - the +8 chain mail of the Camelopard (worn) {rF+ rN+ Str+5 Int-3}
   (You bought it in a shop on level 7 of the Dungeon)

   Str:       It affects your strength (+5).
   Int:       It affects your intelligence (-3).
   rF:        It protects you from fire.
   rN:        It protects you from negative energy.
Jewellery
 e - a +5 ring of evasion (left hand)
 k - a +5 ring of evasion (right hand)
 K - a ring of willpower
Wands
 G - a wand of flame (30)
 H - a wand of polymorph (4)
 I - a wand of quicksilver (17)
 N - a wand of mindburst (4)
Scrolls
 b - a scroll of immolation
 g - 2 scrolls of summoning
 i - a scroll of blinking
 j - a scroll of silence {unknown}
 l - 2 scrolls of fog
 p - 2 scrolls of noise
 q - 2 scrolls of poison
 r - 2 scrolls of enchant armour
 s - a scroll of vulnerability {unknown}
 t - 2 scrolls of amnesia {unknown}
 w - 2 scrolls of fear {unknown}
 x - 3 scrolls of magic mapping {unknown}
 B - 5 scrolls of teleportation {unknown}
 C - 4 scrolls of enchant weapon {unknown}
Potions
 d - 3 potions of might
 f - 2 potions of heal wounds {unknown}
 h - 6 potions of degeneration {unknown}
 m - 3 potions of lignification {unknown}
 o - 4 potions of attraction {unknown}
 u - a potion of resistance {unknown}
 v - 3 potions of ambrosia {unknown}
 z - a potion of brilliance {unknown}
 A - a potion of haste
 D - a potion of flight {unknown}
 F - 3 potions of curing {unknown}


   Skills:
 + Level 9.1(14.1) Fighting
 + Level 8.1(13.1) Maces & Flails
 + Level 5.5(10.5) Throwing
 + Level 9.1(14.1) Armour
 + Level 9.1(14.1) Shields
 + Level 6.9 Invocations


You had 10 spell levels left.
You didn't know any spells.
Your spell library contained the following spells:

 Spells                   Type           Power      Damage    Failure   Level
 Olgreb's Toxic Radiance  Pois           0%         N/A       100%        4
 Discord                  Hex            0%         N/A       100%        8
 Ignition                 Fire           0%         3d3       100%        8


Dungeon Overview and Level Annotations

Branches:
Dungeon (9/15)             Temple (1/1) D:4            Lair (1/5) D:8
  IceCv (1/1)
    Orc: D:9-12

Altars:
Cheibriados
Dithmenos
Kikubaaqudgha
Makhleb
Okawaru
Sif Muna
Uskayaw

Shops:
D:7 [

Annotations:
D:3 3 runed translucent doors, MrCrawl's ghost, weakling DsNe


Innate Abilities, Weirdness & Mutations

You are immune to sickness and miasma.
Your stone body is resilient. (AC +8)
You are immune to poison.
You resist negative energy. (rN+)
You are resistant to electric shocks. (rElec)
You are resistant to unholy torment.
You are immune to petrification.


Message History

You are too injured to fight recklessly!
You are too injured to fight recklessly!
Unknown command.
You are too injured to fight recklessly!
You are too injured to fight recklessly!
You are too injured to fight recklessly!
Unknown command.
You are too injured to fight recklessly!
You gain the combat prowess of a mighty hero.
The cane toad simulacrum completely misses you.
The polar bear simulacrum bites you but does no damage.
The polar bear simulacrum claws you. The polar bear simulacrum freezes you!
You block the polar bear simulacrum's attack.
You bludgeon the polar bear simulacrum!!
The polar bear simulacrum vaporises!
Okawaru accepts your kill.
The cane toad simulacrum hits you but does no damage.
Really walk into that cloud of freezing vapour? [Y]es or [N]o only, please.
Really walk into that cloud of freezing vapour? [Y]es or [N]o only, please.
Really walk into that cloud of freezing vapour? [Y]es or [N]o only, please.
Really walk into that cloud of freezing vapour? [Y]es or [N]o only, please.
Really walk into that cloud of freezing vapour? [Y]es or [N]o only, please.
Really walk into that cloud of freezing vapour?
Okay, then.
Unknown command.
Unknown command.
You hit the cane toad simulacrum.
The cane toad simulacrum is lightly damaged.
The cane toad simulacrum hits you but does no damage.
You puncture the cane toad simulacrum!
The cane toad simulacrum is severely damaged.
The cane toad simulacrum hits you!
* * * LOW HITPOINT WARNING * * *
The cane toad simulacrum freezes you!!
You die...

#### ##..##
###....##
..##.......#
.......∩.@.#
#.......○Z.#
##..##....##
## ##..##
####


You could see a cane toad simulacrum.

Vanquished Creatures
  A two-headed ogre (D:9)
  Pikel (D:7)
  A cane toad (Lair:1)
  2 rime drakes (Lair:1)
  A komodo dragon (D:8)
  3 slime creatures
  31 yaks
  Sigmund (D:4)
  3 wyverns
  A death yak simulacrum (IceCv)
  An acid dragon (D:9)
  2 water moccasins (D:6)
  An ice beast (D:7)
  2 ogres (D:6)
  3 centaurs
  A lemure (D:7)
  4 bullfrogs
  3 scorpions
  7 howler monkeys
  An electric eel (Lair:1)
  2 hounds
  A sleepcap (D:7)
  An orc priest (D:6)
  3 jellies
  A gnoll bouda (D:7)
  6 iguanas
  An orc wizard (D:6)
  A polar bear simulacrum (IceCv)
  A wolf simulacrum (IceCv)
  3 adders
  5 gnolls (D:7)
  A shadow imp (D:6)
  3 white imps
  An ufetubus (D:4)
  A worm (D:3)
  A dart slug (D:1)
  10 orcs
  4 endoplasms
  2 giant cockroaches
  6 hobgoblins
  2 quokkas (D:1)
  5 ball pythons
  5 bats
  15 frilled lizards
  6 goblins
  6 kobolds
  7 rats
170 creatures vanquished.

Vanquished Creatures (others)
  An electric eel (Lair:1)
  12 plants
  6 toadstools (D:3)
19 creatures vanquished.

Grand Total: 189 creatures vanquished

Notes
Turn   | Place    | Note
-------+----------+-------------------------------------------
     0 | D:1      | snakesoul the Gargoyle Fighter began the quest for the Orb.
     0 | D:1      | Reached XP level 1. HP: 14/14 MP: 1/1
   180 | D:1      | Reached XP level 2. HP: 19/19 MP: 2/2
   951 | D:2      | Reached XP level 3. HP: 19/24 MP: 3/3
  1000 | D:2      | Noticed a scorpion
  1010 | D:2      | Killed a scorpion
  1011 | D:2      | Reached XP level 4. HP: 27/29 MP: 4/4
  1060 | D:2      | Found a faded altar of an unknown god.
  2318 | D:3      | Reached XP level 5. HP: 33/33 MP: 5/5
  2409 | D:3      | Found a runed translucent gate.
  2409 | D:3      | Found a runed translucent gate.
  2409 | D:3      | Found a runed translucent gate.
  2411 | D:3      | Noticed MrCrawl's ghost (weakling DsNe)
  2598 | D:4      | Found a staircase to the Ecumenical Temple.
  2599 | D:4      | Noticed Sigmund
  2850 | D:4      | Killed Sigmund
  2851 | D:4      | Reached XP level 6. HP: 18/39 MP: 6/6
  2948 | Temple   | Entered the Ecumenical Temple
  2990 | Temple   | Became a worshipper of Warmaster Okawaru
  3599 | D:5      | Entered Level 5 of the Dungeon
  3731 | D:5      | Reached skill level 5 in Armour
  3862 | D:5      | Reached skill level 5 in Fighting
  3862 | D:5      | Reached skill level 5 in Shields
  3862 | D:5      | Reached XP level 7. HP: 35/44 MP: 7/7
  4596 | D:6      | Reached * piety under Okawaru
  5083 | D:6      | Reached XP level 8. HP: 51/51 MP: 5/8
  5593 | D:7      | Reached skill level 5 in Maces & Flails
  5593 | D:7      | Reached skill level 1 in Invocations
  5800 | D:7      | Reached skill level 1 in Throwing
  5868 | D:7      | Found Iphysur's Antique Armour Boutique.
  5917 | D:7      | Bought an encrusted chain mail for 294 gold pieces
  5917 | D:7      | Identified the +8 chain mail of the Camelopard {rF+ rN+
                  | Str+5 Int-3} (You bought it in a shop on level 7 of the
                  | Dungeon)
  5996 | D:7      | Noticed a slime creature
  6014 | D:7      | Noticed a slime creature
  6016 | D:7      | Killed a slime creature
  6336 | D:7      | Noticed a slime creature
  6358 | D:6      | Killed a slime creature
  6358 | D:6      | Reached ** piety under Okawaru
  6369 | D:6      | Reached XP level 9. HP: 18/56 MP: 9/11
  6967 | D:8      | Noticed Pikel
  7006 | D:7      | Killed Pikel
  7144 | D:8      | Found a shadowy altar of Dithmenos.
  7192 | D:8      | Reached *** piety under Okawaru
  7333 | D:7      | Reached XP level 10. HP: 63/63 MP: 13/13
  7341 | D:8      | Received a gift from Okawaru
  7574 | D:8      | Found a staircase to the Lair.
  7618 | D:8      | Reached skill level 5 in Invocations
  7883 | D:9      | Noticed a two-headed ogre
  7957 | D:8      | Reached **** piety under Okawaru
  8545 | D:8      | Reached ***** piety under Okawaru
  8546 | D:8      | Reached XP level 11. HP: 49/69 MP: 15/15
  8557 | D:8      | Reached skill level 5 in Throwing
  8696 | D:8      | Received a gift from Okawaru
  9301 | D:9      | Killed a two-headed ogre
  9301 | D:9      | Received a gift from Okawaru
  9464 | Lair:1   | Entered Level 1 of the Lair of Beasts
  9883 | Lair:1   | Found a frozen archway.
  9901 | Lair:1   | Received a gift from Okawaru
  9947 | IceCv    | Entered an ice cave
  9967 | IceCv    | Slain by a cane toad simulacrum

Illustrated notes

Levels and vault maps discovered:
D:1:      amcnicky_arrival_blooded_trapdoor, layout_loops_ring,
          minmay_hexomino_p4
D:2:      layout_basic, dreamdust_ecumenical_altar_grove
D:3:      layout_basic, biasface_ghost_orc_armoury, minmay_gold_behind_fungi,
          chequers_arboretum, minmay_lizard_king
D:4:      layout_loops_ring, temple_pool_b, minmay_cut_off, uniq_sigmund
D:5:      layout_loops_ring
D:6:      layout_gridville
D:7:      layout_basic, serial_shops, nicolae_shop_stone, serial_aquarium,
          aquarium_bridge_square [aquarium_subvault_wall,
          aquarium_subvault_wall, aquarium_subvault_bridge,
          aquarium_subvault_bridge], aquarium_bridge_square
          [aquarium_subvault_wall, aquarium_subvault_bridge,
          aquarium_subvault_window, aquarium_subvault_wall], aquarium_window_3,
          aquarium_window_fake, aquarium_view_2e
D:8:      layout_cave_pools, grunt_dithmenos_smoke_and_mirrors,
          david_lair_shrubbed, uniq_pikel
D:9:      layout_cave_pools
Temple:   mainiacjoe_temple_archimedes_tessellation
Lair:1:   layout_hall_layers, portal_ice_cave_rime, nicolae_lair_liquid_snakes,
          serial_bayou_shore_b, uniq_urug
IceCv:    ice_cave_small_necro

Skill      XL: |  1  2  3  4  5  6  7  8  9 10 11 |
---------------+----------------------------------+-----
Fighting       | 4 5 6 7 8 9 |  9.1
Armour         | 4 5 6 7 8 9 |  9.1
Shields        | 4 5 6 7 8 9 |  9.1
Maces & Flails | 3 4 5 6 7 8 |  8.1
Invocations    | 2 4 6 |  6.9
Throwing       | 2 3 4 5 |  5.5

Action                     |  1- 3 |  4- 6 |  7- 9 | 10-12 || total
---------------------------+-------+-------+-------+-------++-------
  Melee: Flail             |    71 |   190 |   299 |       ||   560
         Whip              |       |       |    71 |   257 ||   328
         Morningstar       |       |       |       |   155 ||   155
  Throw: Javelin           |       |       |       |     6 ||     6
         Throwing net      |       |       |       |     2 ||     2
 Invoke: Heroism           |       |       |     4 |     6 ||    10
         Finesse           |       |       |       |     3 ||     3
    Use: Scroll            |       |       |       |     7 ||     7
 Armour: Scale mail        |    24 |    66 |    85 |       ||   175
         Chain mail        |       |       |    94 |   196 ||   290
  Dodge: Dodged            |    60 |   126 |   188 |   245 ||   619
  Block: Buckler           |    13 |    34 |    81 |   105 ||   233
